 Dungeon Crawl Stone Soup version 0.21-a0-584-g185da8e (webtiles) character file.

4329 torrenera the Frost Mage (level 9, -15/78 HPs)
             Began as a Demigod Ice Elementalist on Dec 21, 2017.
             Demolished by Soeti's ghost (16 damage)
             ... on level 8 of the Dungeon.
             The game lasted 00:23:59 (9221 turns).

torrenera the Frost Mage (Demigod Ice Elementalist) Turns: 9221, Time: 00:24:02

Health: -15/78     AC: 10    Str: 11    XL:     9   Next: 88%
Magic:  11/19      EV: 12    Int: 25    God:
Gold:   362        SH:  0    Dex: 16    Spells: 0/17 levels left

rFire    . . .     SeeInvis +   N - +2 long sword (holy)
rCold    . . .     Gourm    .   (no shield)
rNeg     . . .     Faith    .   K - +2 robe {MR+}
rPois    .         Spirit   .   l - +1 hat
rElec    .         Reflect  .   o - +2 cloak
rCorr    .         Harm     .   j - +1 pair of gloves
MR       +....                  (no boots)
Stlth    +++.......             (no amulet)
HPRegen  0.23/turn              g - ring of see invisible
MPRegen  0.16/turn              E - ring of stealth

@: very slightly contaminated, drained
A: high mp 1
a: no special abilities


You were on level 8 of the Dungeon.
You were not hungry.

You visited 1 branch of the dungeon, and saw 8 of its levels.

You collected 362 gold pieces.

Inventory:

Hand Weapons
 w - a +2 dagger of venom
 F - the +4 long sword of Honour {elec, *Rage +Blink rN++ Dex+2}
   (You found it on level 4 of the Dungeon)

   Occasionally, upon striking a foe, it will discharge some electrical energy
   and cause terrible harm.
   It affects your dexterity (+2).
   It greatly protects you from negative energy.
   It lets you blink.
   It may make you go berserk in combat.
 J - a +3 battleaxe of freezing
 N - a +2 long sword of holy wrath (weapon)
Missiles
 m - 269 stones (quivered)
 s - 28 poisoned needles
Armour
 j - a +1 pair of gloves (worn)
 l - a +1 hat (worn)
 o - a +2 cloak (worn)
 K - a +2 robe of magic resistance (worn)
 M - a +1 ring mail of fire resistance
 Q - a +0 shield
Jewellery
 g - a ring of see invisible (left hand)
 E - a ring of stealth (right hand)
 L - a +3 amulet of reflection {unknown}
Wands
 e - a wand of digging (10)
Scrolls
 f - 4 scrolls of enchant armour
 h - a scroll of amnesia {unknown}
 i - 3 scrolls of teleportation
 k - 2 scrolls of blinking {unknown}
 n - a scroll of enchant weapon {unknown}
 q - a scroll of fog
 v - 2 scrolls of fear
 y - a scroll of magic mapping {unknown}
 B - 6 scrolls of remove curse
 G - 5 scrolls of identify
Potions
 a - a potion of lignification
 d - a potion of ambrosia
 p - 4 potions of mutation
 r - a potion of resistance {unknown}
 t - a potion of flight {unknown}
 u - a potion of magic {unknown}
 x - a potion of haste {unknown}
 z - a potion of might {unknown}
 A - 2 potions of brilliance {unknown}
 C - a potion of degeneration {unknown}
 D - a potion of heal wounds {unknown}
 H - a potion of agility {unknown}
 O - a potion of invisibility
Books
 b - a book of Frost

   Spells                             Type                      Level
   a - Freeze                         Ice                          1
   b - Throw Frost                    Conjuration/Ice              2
   c - Ozocubu's Armour               Charms/Ice                   3
   d - Throw Icicle                   Conjuration/Ice              4
   e - Summon Ice Beast               Ice/Summoning                4
 I - a book of Flames

   Spells                             Type                      Level
   a - Flame Tongue                   Conjuration/Fire             1
   b - Throw Flame                    Conjuration/Fire             2
   c - Conjure Flame                  Conjuration/Fire             3
   d - Inner Flame                    Hexes/Fire                   3
   e - Sticky Flame                   Conjuration/Fire             4
   f - Fireball                       Conjuration/Fire             5
Comestibles
 c - 19 rations
 P - 11 chunks of flesh


   Skills:
 + Level 6.8(6.4) Fighting
 - Level 1.7(1.4) Dodging
 - Level 1.7(1.4) Stealth
 - Level 4.7(4.3) Spellcasting
 * Level 4.2(3.8) Conjurations
 - Level 10.0(9.6) Ice Magic


You couldn't memorise any spells.
You knew the following spells:

 Your Spells              Type           Power        Failure   Level  Hunger
a - Freeze                Ice            ####         1%          1    None
b - Throw Frost           Conj/Ice       #####.       1%          2    None
c - Ozocubu's Armour      Chrm/Ice       ####....     3%          3    ##.....
d - Throw Icicle          Conj/Ice       #####...     5%          4    ####...
e - Conjure Flame         Conj/Fire      ###.....     12%         3    ##.....
f - Summon Ice Beast      Ice/Summ       ####....     12%         4    ####...


Dungeon Overview and Level Annotations

Branches:
Dungeon (8/15)             Temple (0/1) D:4
   Lair: D:8-11

Annotations:
D:8 Soeti's ghost, novice DsMo


Innate Abilities, Weirdness & Mutations

You have an increased reservoir of magic. (+10% MP)


Message History

Soeti's ghost closely misses you.
Your ice beast barely misses Soeti's ghost.
Soeti's ghost hits you!!
You completely miss Soeti's ghost.
Soeti's ghost is heavily damaged.
Your ice beast closely misses Soeti's ghost.
Soeti's ghost barely misses you.
You hit Soeti's ghost.
Soeti's ghost convulses.
Soeti's ghost is severely damaged.
Your ice beast barely misses Soeti's ghost.
Soeti's ghost hits you!!
* * * LOW HITPOINT WARNING * * *
You barely miss Soeti's ghost.
Soeti's ghost is severely damaged.
Your ice beast barely misses Soeti's ghost.
Soeti's ghost hits you!
* * * LOW HITPOINT WARNING * * *
Your ice beast completely misses Soeti's ghost.
Soeti's ghost hits you!
You die...

#......# #.. #.
#.........#.. .
#####...#.#.. . #...#
### .## ...# # #.. ..# #
#.# # #######.####### #
......W@....... #
#######Y################
#................).....
....###.################
............# #
.....##.###.# # .... ...
# ... ..# # ## #### #


You could see Soeti's ghost and a friendly ice beast.

Vanquished Creatures
  Pikel (D:5)
  Maurice (D:8)
  Sigmund (D:3)
  A steam dragon (D:7)
  Menkaure (D:5)
  Edmund (D:5)
  A necrophage (D:7)
  2 slaves (D:5)
  2 sky beasts
  An orc warrior (D:5)
  3 phantoms
  4 ogres
  2 centaurs (D:5)
  Blork the orc (D:6)
  2 bullfrogs
  A scorpion (D:5)
  6 wights
  2 howler monkeys
  3 crimson imps
  A bullfrog zombie (D:8)
  A centaur zombie (D:7)
  2 jellies
  6 orc priests
  3 hounds (D:4)
  2 bullfrog skeletons
  5 orc wizards
  4 iguanas
  Jessica (D:3)
  10 worker ants
  A worker ant zombie (D:5)
  4 gnolls (D:4)
  9 adders
  A shadow imp (D:3)
  2 oozes (D:4)
  2 adder skeletons
  2 worms
  4 dart slugs
  3 leopard geckos
  29 orcs
  2 ball pythons
  A bat (D:5)
  A bat zombie (D:7)
  4 giant cockroaches
  5 goblins
  5 hobgoblins
  5 jackals
  A kobold (D:1)
  4 quokkas
  8 frilled lizards
  12 rats
  A rat zombie (D:7)
177 creatures vanquished.

Vanquished Creatures (others)
  An orc (D:7)
1 creature vanquished.

Grand Total: 178 creatures vanquished

Notes
Turn   | Place    | Note
-------+----------+-------------------------------------------
     0 | D:1      | torrenera the Demigod Ice Elementalist began the quest for the Orb.
     0 | D:1      | Reached XP level 1. HP: 14/14 MP: 5/5
   238 | D:1      | Reached skill level 3 in Ice Magic
   589 | D:1      | Reached XP level 2. HP: 16/20 MP: 7/7
  1158 | D:2      | Learned a level 2 spell: Throw Frost
  1328 | D:2      | Reached skill level 4 in Ice Magic
  1328 | D:2      | Reached XP level 3. HP: 24/26 MP: 5/8
  1568 | D:2      | Found a shattered altar of Ashenzari.
  2151 | D:3      | Noticed Sigmund
  2169 | D:2      | Reached XP level 4. HP: 30/33 MP: 6/9
  2255 | D:3      | Found a radiant altar of Vehumet.
  2300 | D:3      | Reached skill level 5 in Ice Magic
  2710 | D:3      | Killed Sigmund
  2710 | D:3      | Reached skill level 6 in Ice Magic
  2710 | D:3      | Reached XP level 5. HP: 23/38 MP: 6/10
  2830 | D:3      | Noticed Jessica
  2844 | D:3      | Reached XP level 6. HP: 38/45 MP: 9/11
  2846 | D:3      | Killed Jessica
  3242 | D:4      | Found a staircase to the Ecumenical Temple.
  3444 | D:3      | Learned a level 3 spell: Ozocubu's Armour
  3488 | D:4      | Reached skill level 7 in Ice Magic
  3665 | D:4      | Reached XP level 7. HP: 28/50 MP: 10/12
  3713 | D:4      | Found a burning altar of Makhleb.
  4016 | D:4      | Reached skill level 8 in Ice Magic
  4190 | D:4      | Found a sacrificial altar of Ru.
  4743 | D:4      | Got a jewelled long sword
  4744 | D:4      | Identified the +4 long sword of Honour {elec, *Rage +Blink rN++ Dex+2} (You found it on level 4 of the Dungeon)
  4892 | D:5      | Entered Level 5 of the Dungeon
  4892 | D:5      | Noticed Edmund
  4895 | D:5      | Killed Edmund
  4952 | D:5      | Reached skill level 9 in Ice Magic
  5092 | D:5      | Found a glowing silver altar of Zin.
  5100 | D:5      | Reached XP level 8. HP: 54/57 MP: 10/13
  5134 | D:5      | Reached skill level 10 in Ice Magic
  5252 | D:5      | Reached skill level 1 in Fighting
  5815 | D:5      | Learned a level 4 spell: Throw Icicle
  5819 | D:5      | Learned a level 3 spell: Conjure Flame
  6031 | D:5      | Found an iron altar of Okawaru.
  6055 | D:5      | Noticed Menkaure
  6061 | D:5      | Killed Menkaure
  6288 | D:5      | Noticed Pikel
  6349 | D:5      | Killed Pikel
  6349 | D:5      | Reached XP level 9. HP: 71/71 MP: 15/19
  6456 | D:5      | Found a blossoming altar of Fedhas.
  6592 | D:5      | Learned a level 4 spell: Summon Ice Beast
  6612 | D:6      | Reached skill level 1 in Conjurations
  7024 | D:6      | Noticed Blork the orc
  7031 | D:6      | Killed Blork the orc
  7031 | D:6      | Reached skill level 5 in Fighting
  7618 | D:7      | Found a sparkling altar of Nemelex Xobeh.
  7619 | D:7      | Found a hide-covered altar of Uskayaw.
  7660 | D:7      | Found a shimmering altar of Xom.
  7663 | D:7      | Found a shadowy altar of Dithmenos.
  7666 | D:7      | Found a snail-covered altar of Cheibriados.
  8236 | D:7      | Found an ancient bone altar of Kikubaaqudgha.
  8276 | D:7      | Found an opulent altar of Gozag.
  8426 | D:8      | Noticed Maurice
  8436 | D:8      | Killed Maurice
  9205 | D:8      | Noticed Soeti's ghost (novice DsMo)
  9221 | D:8      | HP: 1/78 [Soeti's ghost (15)]
  9221 | D:8      | Demolished by Soeti's ghost

Vault maps used:
D:1:      dpeg_arrival_oval
D:2:      ashenzari_conservatory_becter
D:3:      vehumet_crystals, first_ration, uniq_jessica, uniq_sigmund
D:4:      kb_forest_paths, old_standard_altar, minmay_temple_entry_overgrown,
          nicolae_ru_great_annihilating_truth
D:5:      fedhas_altar_fruit_tree, nicolae_overflow_crystal_walls,
          lemuel_round_altar, uniq_menkaure, uniq_pikel, uniq_edmund
D:6:      uniq_blork_the_orc
D:7:      lemuel_zombie_altar_kikubaaqudgha, kennysheep_mini_moat,
          grunt_temple_overflow_diamond, gammafunk_temple_overflow_pools
D:8:      erik_lair_dragon, uniq_maurice

Skill      XL: |  1  2  3  4  5  6  7  8  9 |
---------------+----------------------------+-----
Ice Magic      | 3 4 6 7 9 10 | 10.0
Spellcasting   | 4 |  4.7
Fighting       | 4 6 |  6.8
Conjurations   | 4 |  4.2
Dodging        | |  1.7
Stealth        | |  1.7

Action                   |  1- 3 |  4- 6 |  7- 9 || total
-------------------------+-------+-------+-------++-------
Melee: Dagger            |    81 |   104 |   138 ||   323
       Long sword        |       |       |   186 ||   186
       Dire flail        |       |       |    75 ||    75
Throw: Stone             |     2 |     4 |    79 ||    85
 Cast: Freeze            |    26 |    22 |    27 ||    75
       Ozocubu's Armour  |       |     1 |    27 ||    28
       Throw Icicle      |       |       |     5 ||     5
       Summon Ice Beast  |       |       |     2 ||     2
  Use: Potion            |       |     3 |     1 ||     4
       Scroll            |       |     3 |     6 ||     9
 Stab: Sleeping          |     7 |       |     8 ||    15
       Invisible         |       |     3 |     1 ||     4
       Paralysed         |       |       |     1 ||     1
  Eat: Chunk             |     4 |     5 |    22 ||    31
Armor: Robe              |    26 |    15 |    84 ||   125
       Leather armour    |       |    27 |    97 ||   124
Dodge: Dodged            |    51 |    74 |   284 ||   409
       Rpst.: Long sword |       |       |    44 ||    44

Table legend:
 A = Spawn XP
 B = Non-spawn XP
 C = Spawn XP percentage of total XP
 D = Spawn monster count
 E = Non-spawn monster count
 F = Spawn count percentage of total count
 G = Total turns spent on level
                    A         B        C        D         E        F      G
               +---------+---------+-------+---------+---------+-------+---------
         Total |       0 |    6185 |   0.0 |       0 |     175 |   0.0 |  9221
               +---------+---------+-------+---------+---------+-------+---------
           D:1 |       0 |      31 |   0.0 |       0 |      19 |   0.0 |  1059
           D:2 |       0 |      96 |   0.0 |       0 |      21 |   0.0 |  1119
           D:3 |       0 |     446 |   0.0 |       0 |      13 |   0.0 |  1253
           D:4 |       0 |     671 |   0.0 |       0 |      37 |   0.0 |  1751
           D:5 |       0 |    2551 |   0.0 |       0 |      38 |   0.0 |  1517
           D:6 |       0 |     781 |   0.0 |       0 |      18 |   0.0 |   896
           D:7 |       0 |     534 |   0.0 |       0 |      12 |   0.0 |   764
           D:8 |       0 |    1075 |   0.0 |       0 |      17 |   0.0 |   862
               +---------+---------+-------+---------+---------+-------+---------
